 Dungeon Crawl Stone Soup version 0.29.1-13-g9f3cf754e1 (webtiles) character file.

Game seed: 5271247069346612127

203 Ghostortoast the Cudgeller (level 5, -1/32 HPs)
             Began as a Gargoyle Abyssal Knight on Feb 12, 2023.
             Was a Priest of Lugonu.
             Slain by a water moccasin (5 damage)
             ... on level 5 of the Dungeon.
             The game lasted 00:21:27 (3394 turns).

Ghostortoast the Cudgeller (GrAK)                   Turns: 3394, Time: 00:21:28

Health: -1/32      AC: 18    Str: 22 (23) XL:     5   Next: 81%
Magic:  3/6        EV:  6    Int: 10 (11) God:    Lugonu [***...]
Gold:   84         SH:  0    Dex:  7 (10) Spells: 4/4 levels left

rFire   . . .      SeeInvis +   w - +0 morningstar
rCold   + . .      Faith    .   (no shield)
rNeg    + . .      Spirit   .   o - +0 plate armour
rPois   ∞          Reflect  .   a - +1 helmet
rElec   +          Harm     .   (no cloak)
rCorr   .          Rampage  .   (no gloves)
Will    .....                   m - +0 pair of boots
Stlth   ..........              (no amulet)
HPRegen 0.10/turn               s - ring "Piquthoq" {Ice Will- Str+5 SInv}
MPRegen 0.10/turn               i - ring of protection from fire

@: flying (expiring)
A: sickness immunity, AC +4, negative energy resistance 1, electricity
resistance, torment resistance 1, petrification resistance
a: Renounce Religion, Depart the Abyss, Bend Space, Banish


You were on level 5 of the Dungeon.
You worshipped Lugonu.
Lugonu was most pleased with you.
You visited 1 branch of the dungeon, and saw 5 of its levels.
You visited the Abyss 1 time.

You collected 84 gold pieces.

Inventory:

Hand Weapons
 w - a +0 morningstar (weapon)
Missiles
 d - 22 stones (quivered)
 u - a throwing net
Armour
 a - a +1 helmet (worn)
 m - a +0 pair of boots (worn)
 o - a +0 plate armour (worn)
Jewellery
 i - a ring of protection from fire (right hand)
 s - the ring "Piquthoq" (left hand) {Ice Will- Str+5 SInv}
   (You found it on level 2 of the Dungeon)

   [ring of ice]

   It enhances your ice magic.
   Str:       It affects your strength (+5).
   rF:        It makes you vulnerable to fire.
   rC:        It protects you from cold.
   SInv:      It lets you see invisible.
   Will:      It decreases your willpower.
Scrolls
 b - a scroll of magic mapping {unknown}
 e - 2 scrolls of vulnerability {unknown}
 g - a scroll of amnesia {unknown}
 h - 4 scrolls of identify {unknown}
 l - 2 scrolls of teleportation {unknown}
 n - 3 scrolls of torment {unknown}
 p - a scroll of poison {unknown}
 q - a scroll of fear {unknown}
Potions
 c - a potion of degeneration
 j - a potion of flight
 r - a potion of attraction {unknown}
 t - a potion of cancellation {unknown}
 v - a potion of lignification {unknown}


   Skills:
 - Level 3.2 Fighting
 * Level 5.8 Maces & Flails
 - Level 2.1 Armour
 - Level 0.7 Dodging
 - Level 2.0 Invocations


You had 4 spell levels left.
You didn't know any spells.
Your spell library was empty.

Dungeon Overview and Level Annotations

Branches:
Dungeon (5/15)
 Temple: D:4-7

Altars:
Ashenzari
Sif Muna


Innate Abilities, Weirdness & Mutations

You are immune to sickness and miasma.
Your stone body is resilient. (AC +4)
You are immune to poison.
You resist negative energy. (rN+)
You are resistant to electric shocks. (rElec)
You are resistant to unholy torment.
You are immune to petrification.


Message History

You are too injured to fight recklessly!
You are too injured to fight recklessly!
You are too injured to fight recklessly!
You are too injured to fight recklessly!
You closely miss the water moccasin.
The water moccasin is heavily wounded.
The water moccasin bites you but does no damage.
You miss the water moccasin.
The water moccasin is heavily wounded.
The water moccasin bites you but does no damage.
The water moccasin bites you!
* * * LOW HITPOINT WARNING * * *
Press: ? - help, v - describe, . - travel
Here: a water moccasin (heavily wounded)
The floor, spattered with blood.
You feel better. The water moccasin bites you.
You are too injured to fight recklessly!
You are too injured to fight recklessly!
You miss the water moccasin.
The water moccasin is moderately wounded.
The water moccasin bites you but does no damage. x2
You barely miss the water moccasin.
The water moccasin is moderately wounded.
The water moccasin barely misses you.
The water moccasin completely misses you.
You miss the water moccasin.
The water moccasin is moderately wounded.
You are starting to lose your buoyancy.
The water moccasin bites you. x2
You barely miss the water moccasin.
The water moccasin is moderately wounded.
The water moccasin bites you.
* * * LOW HITPOINT WARNING * * *
You hit the water moccasin.
The water moccasin is heavily wounded.
The water moccasin bites you but does no damage. x2
You hit the water moccasin.
The water moccasin is heavily wounded.
The water moccasin bites you.
You die...

##
###.##
#S@..#
#....#
##...#
##..#
..#
...
...#
#...


You could see a water moccasin.

Vanquished Creatures
  A scorpion (D:4)
  An iguana (D:4)
  3 adders
  3 gnolls
  A dart slug (D:3)
  3 orcs
  2 bats
  4 endoplasms
  3 giant cockroaches
  5 goblins
  7 hobgoblins
  5 jackals
  2 quokkas
  7 ball pythons
  A frilled lizard (D:2)
  5 kobolds
  5 rats
58 creatures vanquished.

Notes
Turn   | Place    | Note
-------+----------+-------------------------------------------
     0 | Abyss:1  | Ghostortoast the Gargoyle Abyssal Knight began the quest
                  | for the Orb.
     0 | Abyss:1  | Reached XP level 1. HP: 14/14 MP: 2/2
     1 | D:1      | Escaped the Abyss
   277 | D:1      | Reached XP level 2. HP: 4/19 MP: 3/3
   703 | D:1      | Reached skill level 3 in Maces & Flails
  1435 | D:2      | Reached XP level 3. HP: 23/23 MP: 4/4
  1994 | D:2      | Reached *** piety under Lugonu
  2143 | D:2      | Reached skill level 4 in Maces & Flails
  2188 | D:2      | Reached XP level 4. HP: 28/28 MP: 5/5
  2351 | D:2      | Identified the ring "Piquthoq" {Ice Will- Str+5 SInv}
  2366 | D:2      | Found a faded altar of an unknown god.
  2627 | D:3      | Found a broken altar of Ashenzari.
  2920 | D:3      | Reached skill level 5 in Maces & Flails
  2965 | D:3      | Reached XP level 5. HP: 30/32 MP: 6/6
  3334 | D:4      | Noticed an ogre
  3338 | D:4      | Noticed a water moccasin
  3360 | D:4      | HP: 1/32 [water moccasin (1)]
  3372 | D:4      | Found a shimmering blue altar of Sif Muna.
  3381 | D:5      | Entered Level 5 of the Dungeon
  3394 | D:5      | Slain by a water moccasin

Illustrated notes

Levels and vault maps discovered:
D:1:      roderic_crossed_star, layout_basic
D:2:      layout_rooms, shapermc_ecumenical_altar_pompeii, amethyst_killhole,
          nicolae_elevator_lobby_asterisk
D:3:      layout_loops_cross, mainiacjoe_overflow_small_starburst,
          chequers_serial_rivers_small_a
D:4:      minmay_skewed_foursquare, layout_loops_ring, lemuel_doored_altar,
          kennysheep_little_box, uniq_blork_the_orc
D:5:      layout_cave_pools

Skill      XL: |  1  2  3  4 |
---------------+-------------+-----
Maces & Flails | 3 4 5 |  5.8
Fighting       | |  3.2
Armour         | |  2.1
Dodging        | |  0.7
Invocations    | |  2.0

Action                   |  1- 3 |  4- 6 || total
-------------------------+-------+-------++-------
Melee: Mace              |   132 |    17 ||   149
       Morningstar       |       |    50 ||    50
Throw: Stone             |       |     9 ||     9
Invok: Bend Space        |       |     1 ||     1
       Banish            |       |     1 ||     1
  Use: Potion            |       |     7 ||     7
Armor: Leather armour    |    10 |       ||    10
       Ring mail         |    15 |       ||    15
       Plate armour      |    25 |    70 ||    95
       Chain mail        |    23 |       ||    23
       Skin              |     1 |       ||     1
Dodge: Dodged            |    58 |    38 ||    96
